 Dungeon Crawl Stone Soup version 0.27-a0-262-gc50aac273e (webtiles) character file.

Game seed: 8210373561103745931

41 Borgoz the Ducker (level 3, -21/30 HPs)
             Began as a Ghoul Gladiator on Feb 5, 2021.
             Demolished by an ogre
             ... wielding a +0 giant spiked club
              (26 damage)
             ... on level 2 of the Dungeon.
             The game lasted 00:01:00 (976 turns).

Borgoz the Ducker (Ghoul Gladiator)                  Turns: 976, Time: 00:01:00

Health: -21/30     AC:  6    Str: 17    XL:     3   Next: 52%
Magic:  2/2        EV: 11    Int:  3    God:
Gold:   48         SH:  0    Dex: 11    Spells: 2/2 levels left

rFire    . . .     SeeInvis .   b - +2 dagger (vamp)
rCold    + . .     Faith    .   (no shield)
rNeg     + + +     Spirit   .   h - +0 ring mail
rPois    ∞         Reflect  .   c - +0 helmet
rElec    .         Harm     .   (no cloak)
rCorr    .         Rampage  .   (no gloves)
Will     .....                  (no boots)
Stlth    +.........             (no amulet)
HPRegen  0.00/turn              (no ring)
MPRegen  0.08/turn              (no ring)

@: no status effects
A: claws 1, cold resistance 1, negative energy resistance 3, inhibited
regeneration, torment resistance, unbreathing
a: no special abilities


You were on level 2 of the Dungeon.
You visited 1 branch of the dungeon, and saw 2 of its levels.

You collected 48 gold pieces.

Inventory:

Hand Weapons
 a - a +0 long sword
 b - a +2 vampiric dagger (weapon)
Missiles
 d - 2 throwing nets (quivered)
Armour
 c - a +0 helmet (worn)
 h - a +0 ring mail (worn)
Scrolls
 f - a scroll of fear {unknown}
 g - a scroll of magic mapping {unknown}
 i - a scroll of identify {unknown}
 j - a scroll of teleportation {unknown}
Potions
 e - a potion of degeneration {unknown}


   Skills:
 + Level 2.8 Fighting
 + Level 3.1 Long Blades
 - Level 1.7 Throwing
 + Level 1.1 Armour
 + Level 3.1 Dodging


You had 2 spell levels left.
You didn't know any spells.
Your spell library was empty.

Dungeon Overview and Level Annotations

Branches:
Dungeon (2/15)

Altars:


Innate Abilities, Weirdness & Mutations

You thrive by killing the living.
You are immune to poison.
You have sharp fingernails.
Your flesh is cold resistant. (rC+)
You are immune to negative energy. (rN+++)
You do not regenerate when monsters are visible.
You are immune to unholy pain and torment.
You can survive without breathing.


Message History

You hit the ogre.
You feel better.
The ogre is heavily wounded.
The ogre struggles against the net.
A kobold comes into view.
The kobold shouts!
You hit the ogre but do no damage.
The ogre is moderately wounded.
The ogre struggles against the net.
You hit the ogre.
You feel better.
The ogre is heavily wounded.
The ogre struggles against the net.
You hit the ogre.
You feel better.
The ogre is severely wounded.
You hit the ogre.
The ogre is almost dead.
The ogre struggles against the net.
The net rips apart, and the ogre comes free!
The ogre hits you with a +0 giant spiked club!!
Ouch! That really hurt!
You die...

..# #.... #. #.#
#)### ##.# #.#
#.# ... #.# #.#
#.. #.# #.# ..
#.# #.# #K####.#
#.#
#O#....########.#
#.@.............#
###.#############
#.# #.# #.# #.#
#.# #.# #.#


You could see an ogre and a kobold.

Vanquished Creatures
  An ooze (D:1)
  A leopard gecko (D:1)
  2 bats (D:2)
  6 goblins
  5 hobgoblins (D:1)
  6 jackals
  A frilled lizard (D:1)
  2 kobolds (D:1)
  7 rats
31 creatures vanquished.

Notes
Turn   | Place    | Note
-------+----------+-------------------------------------------
     0 | D:1      | Borgoz the Ghoul Gladiator began the quest for the Orb.
     0 | D:1      | Reached XP level 1. HP: 17/17 MP: 0/0
    97 | D:1      | Reached XP level 2. HP: 25/25 MP: 1/1
   433 | D:1      | Reached XP level 3. HP: 28/30 MP: 2/2
   772 | D:2      | Reached skill level 1 in Armour
   965 | D:2      | Noticed an ogre
   976 | D:2      | Demolished by an ogre

Illustrated notes

Levels and vault maps discovered:
D:1:      minmay_arrival_four_circles, layout_loops_ring
D:2:      layout_loops_ring, eat_drink_and_be_merry_uskayaw,
          kennysheep_pointless_box

Skill      XL: |  1  2  3 |
---------------+----------+-----
Long Blades    | 3 |  3.1
Dodging        | 3 |  3.1
Armour         | 1 |  1.1
Fighting       | |  2.8
Throwing       | |  1.7

Action                   || total
-------------------------++-------
Melee: Long sword        ||    74
       Dagger            ||    28
Throw: Throwing net      ||     1
  Use: Potion            ||     1
Armor: Leather armour    ||     2
       Ring mail         ||    56
Dodge: Dodged            ||    80
       Rpst.: Long sword ||    23

Table legend: (Time is in decaauts)
 A = Elapsed time spent in this place.
 B = Non-inter-level travel time spent in this place.
 C = Inter-level travel time spent in this place.
 D = Time resting spent in this place.
 E = Time spent auto-exploring this place.
 F = Levels seen in this place.
 G = Mean time per level.
                   A        B        C        D        E       F      G
               +--------+--------+--------+--------+--------+-----+--------+
         Total |    991 |    959 |     32 |     62 |    669 |   2 |  495.5 |
       Dungeon |    991 |    959 |     32 |     62 |    669 |   2 |  495.5 |
               +--------+--------+--------+--------+--------+-----+--------+

Top non-repeatable levels by time:
     D:1: 743 daAuts
     D:2: 247 daAuts
